 Dungeon Crawl Stone Soup version 0.30-a0-852-g08b95dd62f (webtiles) character file.

Game seed: 6557322403878025491

149 demibob the Slasher (level 5, -1/35 HPs)
             Began as a Demonspawn Wanderer on Mar 4, 2023.
             Succumbed to Sigmund's poison
             ... on level 2 of the Dungeon.
             The game lasted 00:02:29 (1506 turns).

demibob the Slasher (Demonspawn Wanderer)           Turns: 1506, Time: 00:02:30

Health: -1/35      AC:  8    Str: 10    XL:     5   Next: 9%
Magic:  6/6        EV: 11    Int: 12    God:
Gold:   49         SH:  4    Dex: 18    Spells: 5/6 levels left

rFire   . . .      SeeInvis .    a - +2 falchion
rCold   . . .      Faith    .    b - +0 buckler
rNeg    + . .      Spirit   .    d - +0 robe
rPois   .          Reflect  .    (no helmet)
rElec   .          Rampage  .    (no cloak)
rCorr   .                        (no gloves)
Will    .....                    (no boots)
Stlth   +++                      (no amulet)
HPRegen 0.25/turn                N - ring of positive energy
MPRegen 0.10/turn                (no ring)

@: lethally poisoned (-1 -> -9), sanguine armoured, hasted, very quick
A: sanguine armour 1, demonic touch 1
a: no special abilities


You were on level 2 of the Dungeon.
You visited 1 branch of the dungeon, and saw 2 of its levels.

You collected 99 gold pieces.
You spent 50 gold pieces at shops.


Innate Abilities, Weirdness & Mutations

When seriously injured, your blood forms armour. (AC +6)
Your touch may inflict minor irresistible damage on your foes.


   Skills:
 + Level 4.8 Long Blades
 - Level 1.0 Throwing
 - Level 1.0 Armour
 - Level 1.0 Dodging
 + Level 3.2 Stealth
 - Level 1.0 Shields
 - Level 1.0 Spellcasting
 - Level 1.0 Air Magic


You had 5 spell levels left.
You knew the following spells:

 Your Spells              Type           Power      Damage    Failure   Level
z - Shock                 Conj/Air       4%         1d3       32%         1

Your spell library contained the following spells:

 Spells                   Type           Power      Damage    Failure   Level
 Kiss of Death            Conj/Necr      0%         2d5       38%         1
 Kindle Blastsparks       Fire/Tloc/Air  2%         2d10      73%         3
 Confusing Touch          Hex            0%         N/A       77%         3
 Dispel Undead            Necr           0%         3d6       99%         4

Inventory:

Hand Weapons
 a - a +2 falchion (weapon)
Armour
 b - a +0 buckler (worn)
 d - a +0 robe (worn)
Jewellery
 N - a ring of positive energy (left hand)
Scrolls
 i - a scroll of teleportation {@r2}
Potions
 j - a potion of lignification
 k - 2 potions of brilliance

Dungeon Overview and Level Annotations

Branches:
Dungeon (2/15)

Altars:

Shops:
D:2 !!

Annotations:
D:2 Sigmund

#...)..## ###
##.......##
#.........#.<..#
#.#####...#...#.#
#.# #.#####.# #.#
#...#...# #.#
###.#.### #{#
#....# #@# #.####
#.######.#########
#.##.....<.......#
#####
#.†......#######.#
##...###.##.#####
#.# #.###.##.##.##
#.#
###.#....†.#...#
##.#
#............#.#
######...
#.##...####>...#
#.......†


There were no monsters in sight!


Message History

You feel very sick. Something hits you!
Your blood congeals into armour.
You are lethally poisoned!
You hit something.
* * * LOW HITPOINT WARNING * * *
You feel very sick.
You closely miss something.
* * * LOW HITPOINT WARNING * * *
You feel very sick. Something hits you but does no damage.
You are more poisoned.
It was a potion of curing.
You feel better.
You barely miss something. Something hits you!
* * * LOW HITPOINT WARNING * * *
You hit something. You barely miss something.
Something hits you but does no damage.
You hit something. You closely miss something. You hit something.
Something hits you.
* * * LOW HITPOINT WARNING * * *
You are poisoned.
You hit something.
You feel sick.
You completely miss something.
You feel sick. Something hits you.
* * * LOW HITPOINT WARNING * * *
You are more poisoned.
You hit something.
* * * LOW HITPOINT WARNING * * *
You feel sick.
You miss something.
You die...

Skill      XL: |  1  2  3  4 |
---------------+-------------+-----
Stealth        | 1 2 3 |  3.2
Long Blades    | 4 |  4.8
Throwing       | |  1.0
Armour         | |  1.0
Dodging        | |  1.0
Shields        | |  1.0
Spellcasting   | |  1.0
Air Magic      | |  1.0

Action                     |  1- 3 |  4- 6 || total
---------------------------+-------+-------++-------
  Melee: Falchion          |    91 |    49 ||   140
    Use: Scroll            |       |     6 ||     6
         Potion            |       |     3 ||     3
   Stab: Sleeping          |     3 |     1 ||     4
 Armour: Robe              |    18 |    11 ||    29
  Dodge: Dodged            |    53 |    15 ||    68
  Block: Buckler           |    16 |     6 ||    22

Levels and vault maps discovered:
D:1:      roderic_crop_circles_arrival_small, layout_loops_cross
D:2:      layout_loops_ring, serial_shops, shop, shop, shop, uniq_natasha,
          uniq_terence, uniq_sigmund

Notes
Turn   | Place    | Note
-------+----------+-------------------------------------------
     0 | D:1      | demibob the Demonspawn Wanderer began the quest for the
                  | Orb.
     0 | D:1      | demibob set off with the following items: a +2 falchion, a
                  | +0 buckler, a potion of haste {@q3}, a +0 robe; and the
                  | following spell memorised: Shock; and the following spells
                  | available to memorise: Kindle Blastsparks.
     0 | D:1      | Reached XP level 1. HP: 13/13 MP: 2/2
   161 | D:1      | Reached skill level 1 in Stealth
   238 | D:1      | Gained mutation: When seriously injured, your blood forms
                  | armour. (AC +6) [demonic ancestry]
   238 | D:1      | Reached XP level 2. HP: 14/19 MP: 3/3
   574 | D:1      | Reached skill level 4 in Long Blades
   727 | D:2      | Gained mutation: Your touch may inflict minor irresistible
                  | damage on your foes. [demonic ancestry]
   727 | D:2      | Reached XP level 3. HP: 15/24 MP: 4/4
   795 | D:2      | Reached skill level 2 in Stealth
   807 | D:2      | Found Fujif's Distillery.
  1029 | D:2      | Noticed Natasha
  1042 | D:2      | Killed Natasha
  1043 | D:2      | Reached XP level 4. HP: 21/30 MP: 5/5
  1109 | D:2      | Found Ejil's Distillery.
  1113 | D:2      | Bought a potion of heal wounds for 50 gold pieces
  1347 | D:2      | Noticed Natasha
  1368 | D:2      | Killed Natasha
  1369 | D:2      | Reached skill level 3 in Stealth
  1381 | D:2      | Noticed Natasha
  1386 | D:2      | Killed Natasha
  1387 | D:2      | Reached XP level 5. HP: 27/35 MP: 6/6
  1420 | D:2      | Noticed Sigmund
  1504 | D:2      | HP: 2/35 [something (6)]
  1506 | D:2      | Succumbed to Sigmund's poison

Vanquished Creatures
  Natasha (thrice) (D:2)
  3 adders (D:2)
  3 worms (D:2)
  A dart slug (D:1)
  3 endoplasms
  2 giant cockroaches (D:2)
  5 goblins
  2 hobgoblins (D:1)
  4 jackals (D:2)
  A kobold (D:2)
  3 ball pythons
  6 bats
  4 rats
40 creatures vanquished.

Vanquished Creatures (others)
  A plant (D:1)
1 creature vanquished.

Grand Total: 41 creatures vanquished

Table legend: (Time is in decaauts)
 A = Elapsed time spent in this place.
 B = Non-inter-level travel time spent in this place.
 C = Inter-level travel time spent in this place.
 D = Time resting spent in this place.
 E = Time spent auto-exploring this place.
 F = Levels seen in this place.
 G = Mean time per level.
                   A        B        C        D        E       F      G
               +--------+--------+--------+--------+--------+-----+--------+
         Total |   1535 |   1482 |     53 |      2 |   1149 |   2 |  767.5 |
       Dungeon |   1535 |   1482 |     53 |      2 |   1149 |   2 |  767.5 |
               +--------+--------+--------+--------+--------+-----+--------+

Top non-repeatable levels by time:
     D:2: 829 daAuts
     D:1: 706 daAuts

Table legend:
 A = Non-vault XP
 B = Vault XP
 C = Vault XP percentage of total XP
 D = Non-vault monster count
 E = Vault monster count
 F = Vault count percentage of total count
                 A         B        C        D         E       F
            +---------+---------+-------+---------+---------+-------
      Total |     177 |      36 |  16.9 |      39 |       1 |   2.5
            +---------+---------+-------+---------+---------+-------
        D:1 |      26 |       0 |   0.0 |      16 |       0 |   0.0
        D:2 |     151 |      36 |  19.3 |      23 |       1 |   4.2
            +---------+---------+-------+---------+---------+-------
